 Dungeon Crawl Stone Soup version 0.23.2-1-ga50397a (webtiles) character file.

Game seed: 13082558389140081340

217 Kahibar the Cutter (level 5, -6/45 HPs)
             Began as a Draconian Transmuter on May 17, 2019.
             Killed by divine providence
             ... invoked by an orc priest
              (10 damage)
             ... on level 5 of the Dungeon.
             The game lasted 00:33:03 (5321 turns).

Kahibar the Cutter (Draconian Transmuter)           Turns: 5321, Time: 00:33:04

Health: -6/45      AC:  7    Str: 13    XL:     5   Next: 62%
Magic:  8/8        EV: 12    Int: 13    God:
Gold:   231        SH:  0    Dex: 12    Spells: 7/8 levels left

rFire    . . .     SeeInvis .   a - +0 short sword
rCold    . . .     Gourm    .   (no shield)
rNeg     . . .     Faith    .   (armour unavailable)
rPois    .         Spirit   .   (helmet restricted)
rElec    .         Reflect  .   y - +1 cloak
rCorr    .         Harm     .   (no gloves)
MR       .....                  (no boots)
Stlth    ++........             (no amulet)
HPRegen  0.15/turn              (no ring)
MPRegen  0.11/turn              (no ring)

@: no status effects
A: unfitting armour, cold-blooded, AC +5
a: no special abilities


You were on level 5 of the Dungeon.
You were not hungry.

You visited 1 branch of the dungeon, and saw 6 of its levels.

You collected 231 gold pieces.

Inventory:

Hand Weapons
 a - a +0 short sword (weapon)
 b - a +0 hunting sling
 r - a +0 dagger of freezing
 w - a +0 blowgun
 x - a +0 long sword
Missiles
 e - 2 throwing nets
 i - 16 bolts
 j - 121 stones (quivered)
 n - 47 arrows
 s - 30 poisoned needles
Armour
 y - a +1 cloak (worn)
Jewellery
 d - an uncursed amulet of the acrobat {unknown}
 t - an uncursed ring of fire {unknown}
 v - an uncursed amulet of harm {unknown}
Scrolls
 f - a scroll of magic mapping {unknown}
 l - a scroll of immolation
 m - a scroll of remove curse {unknown}
 q - a scroll of teleportation
 u - a scroll of enchant weapon {unknown}
Potions
 c - 2 potions of invisibility {unknown}
 g - 2 potions of degeneration {unknown}
 k - 2 potions of mutation {unknown}
 p - 3 potions of agility {unknown}
Comestibles
 o - 2 rations


   Skills:
 * Level 3.0 Fighting
 * Level 3.2 Short Blades
 * Level 1.4 Throwing
 + Level 2.5 Dodging
 + Level 1.0 Stealth
 - Level 3.0 Unarmed Combat
 + Level 2.1 Spellcasting
 + Level 2.1 Transmutations


You had 7 spell levels left.
You knew the following spells:

 Your Spells              Type           Power        Failure   Level  Hunger
a - Beastly Appendage     Tmut           #.....       11%         1    ##.....

Your spell library contained the following spells:

 Spells                   Type           Power        Failure   Level  Hunger
 Sticks to Snakes         Tmut           #.......     16%         2    ###....
 Spider Form              Tmut/Pois      #.........   43%         3    ####...
 Ice Form                 Ice/Tmut       #.......     85%         4    #####..
 Blade Hands              Tmut           #.........   96%         5    ######.


Dungeon Overview and Level Annotations

Branches:
Dungeon (6/15)
 Temple: D:4-7

Altars:
Wu Jian
Zin

Portals:
Ossuary: D:4

Annotations:
D:4 Edmund


Innate Abilities, Weirdness & Mutations

Your plain brown scales are hard. (AC +5)
You cannot fit into any form of body armour.
You are cold-blooded and may be slowed by cold attacks.


Message History

The orc wizard misses you.
You hit the orc wizard. You tail-slap the orc wizard.
The orc wizard is heavily wounded.
The orc priest hits you but does no damage.
The orc wizard hits you with a +0 dagger.
You barely miss the orc wizard.
The orc wizard is heavily wounded.
The orc priest misses you.
The orc wizard hits you but does no damage.
You hit the orc wizard but do no damage.
Your tail-slap misses the orc wizard.
The orc wizard is heavily wounded.
The orc priest calls down the wrath of Beogh upon you.
Beogh smites you!
* * * LOW HITPOINT WARNING * * *
The orc wizard hits you with a +0 dagger.
* * * LOW HITPOINT WARNING * * *
The orc priest mumbles some strange prayers to Beogh against you.
Beogh smites you!
You die...

# .# .$# ### ...#
########.## ....#
+..>...#..#####o....#
######.#...@.oo.....#
#..#.###########
##.#.# #.#.# #...#
##...# .....#
....#...# ......#...#


You could see an orc priest and 2 orc wizards.

Vanquished Creatures
  A howler monkey (D:3)
  An orc priest (D:3)
  7 adders
  2 worms (D:2)
  4 dart slugs
  2 leopard geckos
  5 orcs
  12 bats
  3 giant cockroaches
  6 goblins
  2 hobgoblins (D:3)
  3 jackals (D:1)
  9 kobolds
  3 quokkas
  A ball python (D:3)
  4 frilled lizards (D:3)
  6 rats
71 creatures vanquished.

Notes
Turn   | Place    | Note
-------+----------+-------------------------------------------
     0 | D:1      | Kahibar the Draconian Transmuter began the quest for the
                  | Orb.
     0 | D:1      | Reached XP level 1. HP: 16/16 MP: 3/3
   214 | D:1      | Reached XP level 2. HP: 11/23 MP: 5/5
   827 | D:1      | Reached skill level 1 in Short Blades
  1519 | D:2      | Reached XP level 3. HP: 18/29 MP: 6/6
  1742 | D:2      | Reached skill level 1 in Throwing
  2379 | D:2      | Found a glowing silver altar of Zin.
  2720 | D:2      | Reached XP level 4. HP: 36/36 MP: 7/7
  3415 | D:3      | Found an ornate altar of the Wu Jian Council.
  3583 | D:3      | HP: 1/37 [orc/+0 war axe (2)]
  3888 | D:3      | Reached skill level 1 in Stealth
  3965 | D:3      | Reached XP level 5. HP: 34/42 MP: 8/8
  4665 | D:4      | Found a sand-covered staircase.
  4748 | D:4      | Noticed Edmund
  5213 | D:4      | You fall through a shaft for 2 floors!
  5274 | D:5      | Entered Level 5 of the Dungeon
  5321 | D:5      | Killed from afar by an orc priest

Skill      XL: |  1  2  3  4  5 |
---------------+----------------+-----
Short Blades   | 1 2 3 |  3.2
Throwing       | 1 |  1.4
Dodging        | 2 |  2.5
Fighting       | 2 3 |  3.0
Stealth        | 1 |  1.0
Unarmed Combat | |  3.0
Spellcasting   | |  2.1
Transmutations | |  2.1

Action                   |  1- 3 |  4- 6 || total
-------------------------+-------+-------++-------
Melee: Dagger            |   136 |       ||   136
       Kick              |     3 |       ||     3
       Tailslap          |    20 |    18 ||    38
       Unarmed           |    33 |       ||    33
       Punch             |     1 |     2 ||     3
       Short sword       |       |   194 ||   194
Throw: Stone             |       |    13 ||    13
 Cast: Beastly Appendage |     1 |       ||     1
  Use: Scroll            |       |     6 ||     6
 Stab: Sleeping          |     1 |       ||     1
  Eat: Ration            |     2 |     1 ||     3
       Chunk             |       |     4 ||     4
Armor: Skin              |    69 |    82 ||   151
Dodge: Dodged            |   121 |   157 ||   278
